Map: Dämmertürme

Players

IIIIIIIIIIII - Winner!

  • Race: Terran Terran
  • League: Master

PraetorFenix

  • Race: Protoss Protoss
  • League: Grandmaster

VOD

Have the link to the VOD?

Description

Time

  • Played on: Jan. 16, 2016, 7:40 p.m.
  • Length: 9:46
Show
View Real Time Build Order
Export as new Build Order

IIIIIIIIIIII Terran - Winner!

Build Orders: Liberator Opening, Bio Tank 

Get SALT Encoding   

  12  0:01  SCV  
  13  0:13  SCV  
  14  0:17  Supply Depot  
  14  0:25  SCV  
  15  0:39  SCV  
  15  0:40  Barracks  
  16  0:44  Refinery  
  16  0:51  SCV  
  17  1:03  SCV  
  18  1:15  SCV  
  19  1:29  Barracks Reactor, Orbital Command  
  19  1:44  Command Center  
  19  1:56  SCV  
  19  1:58  Supply Depot  
  20  2:08  SCV  
  21  2:12  Factory  
  21  2:13  Marine x2  
  23  2:25  Bunker  
  23  2:27  SCV  
  23  2:29  Refinery  
  24  2:31  Marine  
  24  2:33  Marine  
  26  2:41  SCV  
  27  2:49  Marine  
  28  2:51  Marine  
  28  2:53  SCV  
  31  2:59  Orbital Command  
  31  3:00  Factory Tech Lab  
  30  3:07  SCV  
  31  3:17  Marine x2  
  31  3:19  SCV  
  34  3:21  Cyclone  
  34  3:26  SCV  
  38  3:29  Supply Depot  
  38  3:35  Starport  
  38  3:37  SCV  
  38  3:39  Marine  
  40  3:41  Marine  
  40  3:45  SCV  
  42  3:49  SCV  
  42  3:54  Refinery  
  43  3:55  Supply Depot, Liberator  
  43  3:57  SCV  
  43  4:00  Siege Tank  
  47  4:07  SCV  
  47  4:09  SCV  
  49  4:11  Marine x2  
  54  4:19  SCV  
  55  4:27  SCV  
  55  4:28  Supply Depot, Engineering Bay  
  56  4:32  SCV  
  56  4:36  Siege Tank  
  60  4:39  SCV  
  60  4:40  Refinery  
  60  4:41  Marine  
  62  4:49  SCV, Marine  
  64  4:54  Supply Depot  
  64  4:59  Barracks, Starport Reactor  
  64  5:03  Barracks  
  64  5:07  SCV  
  64  5:08  SCV  
  64  5:09  Supply Depot  
  66  5:14  Marine  
  66  5:15  Marine  
  66  5:19  SCV, Siege Tank  
  72  5:23  Supply Depot  
  72  5:24  SCV, Liberator x2  
  73  5:39  Marine x2  
  81  5:44  SCV x2  
  81  5:49  Barracks Tech Lab  
  83  5:50  Barracks Tech Lab  
  83  5:56  SCV x2  
  85  5:58  Siege Tank, Marine x2  
  85  6:03  Supply Depot  
  90  6:07  Supply Depot  
  90  6:10  Combat Shields  
  90  6:11  Stimpack  
  90  6:15  Marine x2  
  90  6:16  Marine x2  
  91  6:18  Liberator  
  91  6:22  Liberator  
  91  6:29  Barracks  
  91  6:30  Barracks  
  91  6:31  Terran Infantry Weapons Level 1  
  91  6:33  Marine  
  91  6:34  Supply Depot  
  98  6:41  Marine  
  98  6:42  Marine  
  98  6:43  Marine  
  101  6:51  Marine  
  101  6:53  Siege Tank  
  105  6:57  Supply Depot  
  105  6:59  Marine  
  105  7:00  Marine  
  107  7:01  Missile Turret  
  107  7:04  Marine  
  108  7:09  Marine  
  109  7:17  Marine x2  
  109  7:18  Medivac, Marine  
  109  7:19  Marine  
  109  7:21  Marine  
  109  7:22  Supply Depot, Medivac  
  118  7:25  Siege Tank  
  118  7:27  Marine  
  122  7:31  Supply Depot  
  122  7:34  Marine  
  122  7:35  Marine  
  124  7:38  Missile Turret  
  124  7:42  Marine x2  
  124  7:43  Marine  
  127  7:45  Concussive Shells, Liberator x2  
  127  8:01  Marine x5  
  127  8:02  Siege Tank  
  127  8:03  Marine  
  142  8:07  Supply Depot  
  142  8:08  Supply Depot  
  142  8:11  Supply Depot  
  142  8:28  Marine x6  
  151  8:34  Siege Tank  
  149  8:45  Medivac x2  
  149  8:46  Marine x6  
  137  9:04  Marine x6  
  131  9:22  Marine x6  
Show
View Real Time Build Order
Export as new Build Order

PraetorFenix Protoss 

Build Orders: 1 Gate Expand, Oracle Opening 

Get SALT Encoding   

  12  0:01  Probe (Chrono Boost)  
  13  0:11  Probe (Chrono Boost)  
  14  0:18  Pylon  
  14  0:22  Probe (Chrono Boost)  
  15  0:36  Gateway, Probe (Chrono Boost)  
  16  0:45  Assimilator  
  16  0:47  Probe (Chrono Boost)  
  17  0:57  Probe (Chrono Boost)  
  18  1:08  Probe (Chrono Boost)  
  19  1:23  Nexus  
  19  1:34  Probe (Chrono Boost)  
  19  1:38  Cybernetics Core  
  20  1:41  Assimilator  
  20  1:44  Probe (Chrono Boost)  
  21  1:52  Pylon  
  21  1:55  Probe (Chrono Boost)  
  22  2:06  Probe (Chrono Boost)  
  23  2:14  Adept  
  25  2:17  Mothership Core (Chrono Boost)  
  25  2:18  Warp Gate  
  27  2:35  Probe x2 (Chrono Boost)  
  29  2:41  Adept  
  31  2:45  Probe x2 (Chrono Boost)  
  33  2:56  Probe (Chrono Boost)  
  33  2:58  Stargate  
  34  3:00  Probe (Chrono Boost)  
  35  3:06  Probe (Chrono Boost)  
  36  3:18  Probe (Chrono Boost)  
  36  3:19  Probe (Chrono Boost), Adept  
  40  3:30  Probe x2 (Chrono Boost)  
  42  3:37  Nexus  
  42  3:39  Pylon  
  42  3:41  Probe (Chrono Boost)  
  43  3:42  Probe (Chrono Boost)  
  44  3:51  Probe (Chrono Boost)  
  44  3:52  Probe (Chrono Boost)  
  46  3:57  Oracle  
  46  4:00  Assimilator  
  46  4:02  Probe (Chrono Boost)  
  50  4:04  Assimilator  
  50  4:07  Gateway  
  50  4:10  Gateway  
  50  4:16  Probe (Chrono Boost)  
  51  4:18  Pylon  
  51  4:20  Probe (Chrono Boost)  
  52  4:26  Probe (Chrono Boost)  
  52  4:30  Probe (Chrono Boost)  
  54  4:35  Oracle  
  57  4:39  Pylon  
  57  4:41  Pylon  
  57  4:46  Probe (Chrono Boost)  
  57  4:47  Sentry  
  60  4:53  Pylon, Robotics Facility  
  60  4:54  Probe (Chrono Boost)  
  60  4:56  Probe (Chrono Boost)  
  60  4:59  Pylon  
  62  5:01  Probe (Chrono Boost)  
  62  5:04  Probe (Chrono Boost)  
  64  5:07  Probe (Chrono Boost)  
  64  5:10  Sentry  
  64  5:11  Adept x2  
  71  5:14  Phoenix  
  71  5:19  Probe x2 (Chrono Boost)  
  71  5:20  Probe (Chrono Boost)  
  76  5:30  Probe x3 (Chrono Boost)  
  79  5:36  Forge  
  79  5:40  Pylon  
  78  5:48  Phoenix  
  74  5:53  Probe (Chrono Boost)  
  74  5:56  Immortal  
  79  6:02  Probe (Chrono Boost)  
  81  6:04  Probe (Chrono Boost)  
  81  6:05  Probe (Chrono Boost)  
  81  6:08  Gateway  
  81  6:09  Gateway  
  82  6:13  Probe (Chrono Boost)  
  82  6:18  Probe (Chrono Boost)  
  84  6:28  Probe (Chrono Boost)  
  84  6:29  Probe (Chrono Boost)  
  87  6:32  Probe (Chrono Boost)  
  87  6:33  Protoss Ground Weapons Level 1  
  87  6:39  Twilight Council  
  57  6:40  Pylon, Phoenix  
  87  6:41  Immortal  
  87  6:42  Pylon  
  93  6:48  Probe (Chrono Boost)  
  94  7:04  Phoenix  
  94  7:05  Probe x3 (Chrono Boost)  
  94  7:07  Adept x2, Assimilator  
  94  7:08  Adept, Pylon  
  105  7:11  Assimilator  
  106  7:15  Probe (Chrono Boost)  
  106  7:17  Pylon  
  106  7:19  Pylon  
  106  7:21  Probe (Chrono Boost), Pylon  
  106  7:22  Pylon  
  107  7:25  Probe (Chrono Boost), Adept  
  107  7:26  Adept  
  107  7:27  Resonating Glaives  
  107  7:28  Gateway  
  112  7:31  Phoenix  
  112  7:32  Templar Archives  
  112  7:35  Observer  
  112  7:36  Probe x2 (Chrono Boost)  
  117  7:39  Probe (Chrono Boost)  
  118  7:46  Probe (Chrono Boost)  
  118  7:47  Probe (Chrono Boost)  
  118  7:49  Probe (Chrono Boost)  
  121  7:57  Probe x2 (Chrono Boost)  
  123  8:00  Robotics Facility  
  123  8:01  Nexus  
  123  8:12  Probe x3 (Chrono Boost)  
  126  8:13  Immortal  
  126  8:17  Psionic Storm  
  130  8:23  Pylon  
  130  8:28  Adept x4  
  130  8:29  Adept  
  139  8:35  Pylon  
  125  8:50  Adept x2, Pylon  
  125  8:51  Adept x3  
  101  9:13  Adept x2  
  101  9:14  Adept x3  
Tags
 
Add a new tag
Caveats
  • Supply blocks, unpowered buildings, or Contaminate may cause inaccurate times.
  • Supply counts are checked every 10 seconds.